[Event "Titled Tuesday Blitz July 26 Late 2022"]
[White "MacDaddyMac"]
[Black "Manukian, Artak"]
[BlackFideId "13301373"]
[WhiteElo "2563"]
[BlackElo "2370"]
[Result "1-0"]
[Round "09"]
[TimeControl "180+1"]
[Date "2022.07.26"]
[WhiteClock "0:00:25"]
[BlackClock "0:00:15"]

1. e4 c6 2. d4 d5 3. Nc3 dxe4 4. Nxe4 Nf6 5. Ng3 Bg4 6. Be2 Bxe2 7. N1xe2 e6 8. Bg5 Be7 9. Qd2 Nbd7 10. h4 h6 11. Be3 Nd5 12. Nh5 Bf6 13. O-O-O Qb6 14. Kb1 O-O-O 15. c4 Nxe3 16. fxe3 e5 17. Qc2 exd4 18. exd4 Kb8 19. g3 Rhe8 20. Rhe1 Qa5 21. Nhf4 Re3 22. d5 c5 23. Nc3 Rxe1 24. Rxe1 Bxc3 25. Qxc3 Qxc3 26. bxc3 Nb6 27. Re7 Rd7 28. Re8+ Kc7 29. Rg8 g6 30. Rh8 h5 31. Kc2 Nxc4 32. Kd3 Ne5+ 33. Ke4 Ng4 34. Rf8 Kd6 35. c4 a6 36. Nd3 Re7+ 37. Kf4 Re3 38. Nf2 Rc3 39. Ne4+ Ke7 40. Rxf7+ Kxf7 41. Nxc3 Kf6 42. Na4 b5 43. cxb5 axb5 44. Nxc5 Ne5 45. Ne4+ Ke7 46. Kxe5 1-0


[Site "https://www.chess.com"]

[Event "Titled Tuesday Blitz July 26 Late 2022"]
[White "Madaminov, Mukhiddin"]
[Black "Krastev, Alexander"]
[WhiteFideId "14210703"]
[BlackFideId "12989983"]
[WhiteElo "2011"]
[BlackElo "2507"]
[Result "0-1"]
[Round "09"]
[TimeControl "180+1"]
[Date "2022.07.26"]
[WhiteClock "0:00:03"]
[BlackClock "0:00:05"]

1. d4 Nf6 2. Nc3 e6 3. Bf4 d5 4. Nb5 Na6 5. e3 Be7 6. Nf3 O-O 7. Bd3 c6 8. Nc3 Nb8 9. Ne5 Nbd7 10. Qf3 c5 11. O-O a6 12. Rfd1 Nxe5 13. Bxe5 c4 14. Bf1 b5 15. e4 b4 16. exd5 Bb7 17. Na4 Bxd5 18. Qg3 Nh5 19. Qg4 g6 20. Nc5 a5 21. b3 c3 22. a3 f6 23. Bg3 f5 24. Qe2 f4 25. Nxe6 Qd6 26. Nxf8 Rxf8 27. axb4 fxg3 28. hxg3 axb4 29. Ra6 Qd7 30. Ra5 Bf6 31. Qb5 Qxb5 32. Rxb5 Be4 33. Rxb4 Bxc2 34. Rc1 Bf5 35. Rxc3 Rd8 36. Rc7 Bxd4 37. Rbb7 Nf6 38. Bc4+ Kh8 39. Kf1 g5 40. f3 Be5 41. g4 Bxc7 42. Rxc7 Bd3+ 43. Kf2 Bxc4 44. bxc4 Rd2+ 45. Kg3 Rc2 46. Rf7 Ng8 47. Rf5 h6 48. c5 Kg7 49. Rd5 Nf6 50. Re5 Kg6 51. Kh3 Rc3 52. Kg3 Kf7 53. Kh3 Nd7 54. Rd5 Nxc5 55. Rd6 Ne6 56. Kh2 Rc2 57. Rd5 Nf4 58. Rf5+ Kg6 59. Kh1 Nxg2 60. Rf8 Nf4 61. Kg1 Rg2+ 62. Kf1 Ra2 63. Rf5 Kg7 64. Re5 Ra3 65. Kf2 Nd3+ 66. Ke3 Nxe5+ 67. Ke4 Rxf3 0-1


[Site "https://www.chess.com"]

[Event "Titled Tuesday Blitz July 26 Late 2022"]
[White "Maksimovic, Bojan"]
[Black "Nakamura, Hikaru"]
[WhiteFideId "14408120"]
[BlackFideId "2016192"]
[WhiteElo "2453"]
[BlackElo "2850"]
[Result "0-1"]
[Round "09"]
[TimeControl "180+1"]
[Date "2022.07.26"]
[WhiteClock "0:00:03"]
[BlackClock "0:01:32"]

1. e4 g6 2. d4 Bg7 3. Nc3 a6 4. f4 c6 5. Be3 d5 6. e5 h5 7. Nf3 Bg4 8. Be2 Nh6 9. O-O e6 10. Bf2 Nd7 11. h3 Bxf3 12. Bxf3 h4 13. Ne2 Bf8 14. b3 b5 15. a4 Nf5 16. Qd2 Be7 17. axb5 axb5 18. c4 bxc4 19. bxc4 Nb6 20. c5 Nc4 21. Qc3 O-O 22. Bg4 Nh6 23. Bf3 Qd7 24. Rxa8 Rxa8 25. Ra1 Rb8 26. Kh1 Qb7 27. Ng1 Qb2 28. Qxb2 Rxb2 29. Be2 Nf5 30. Kh2 Nd2 31. Bg4 Nb3 32. Ra8+ Kg7 33. Bxf5 Rxf2 34. Bg4 Nxd4 35. Ra7 Bxc5 36. Rc7 Rf1 0-1


[Site "https://www.chess.com"]

[Event "Titled Tuesday Blitz July 26 Late 2022"]
[White "Martinez, Shawn"]
[Black "Toncheva, Nadya"]
[WhiteFideId "2039770"]
[BlackFideId "2924056"]
[WhiteElo "2174"]
[BlackElo "1888"]
[Result "0-1"]
[Round "09"]
[TimeControl "180+1"]
[Date "2022.07.27"]
[WhiteClock "0:00:23"]
[BlackClock "0:00:13"]

1. e4 c5 2. Nc3 Nc6 3. Bb5 Nd4 4. Nf3 g6 5. O-O Bg7 6. Re1 a6 7. Bf1 e6 8. e5 d6 9. exd6 Qxd6 10. Ne4 Qc7 11. c3 Nxf3+ 12. Qxf3 Bd7 13. d4 cxd4 14. cxd4 Bxd4 15. Bf4 e5 16. Rac1 Bc6 17. Qd3 O-O-O 18. Bg5 Bxf2+ 19. Nxf2 Rxd3 20. Nxd3 f6 21. Be3 Ne7 22. b4 Nd5 23. Bc5 Kb8 24. Nb2 Qd7 25. Nc4 Nf4 26. Red1 Qg4 27. Rd2 Qg5 28. Rcd1 Rc8 29. Bd6+ Ka7 30. Bc5+ Kb8 31. Nb6 Re8 32. Bd6+ Ka7 33. Bc5 Nh3+ 34. Kh1 Kb8 35. Rd8+ Kc7 36. Rxe8 Bxe8 37. Nd5+ Kb8 38. gxh3 Qh5 39. Re1 Qf3+ 40. Bg2 Qd3 41. Ne3 Bc6 42. Rd1 Bxg2+ 43. Kxg2 Qe2+ 44. Kg3 Kc7 45. Bd6+ Kc6 46. Bc5 f5 47. Rd6+ Kb5 48. Nf1 f4+ 49. Kh4 Qxf1 50. Kg5 Qg2+ 51. Kf6 f3 52. a3 f2 53. Rb6+ Kc4 54. Ke6 f1=Q 55. Kd7 Qd5+ 56. Kc7 Qff7+ 57. Kb8 Qd8+ 58. Ka7 Qxb6+ 59. Kxb6 e4 60. a4 Kd3 61. b5 axb5 62. axb5 e3 63. Bb4 e2 64. Ba5 Kc2 65. Ka7 Kd1 66. b6 e1=Q 67. Bxe1 Kxe1 68. h4 Kf2 69. h3 Kg2 70. h5 Kxh3 71. h6 Kh4 72. Ka8 Kh5 73. Ka7 Kxh6 74. Ka8 g5 75. Ka7 Kg6 76. Ka8 h5 77. Ka7 h4 78. Ka8 g4 79. Ka7 h3 0-1


[Site "https://www.chess.com"]

[Event "Titled Tuesday Blitz July 26 Late 2022"]
[White "Matinian, Nikita"]
[Black "Kozin, Yuri"]
[WhiteFideId "24129100"]
[BlackFideId "4129920"]
[WhiteElo "2422"]
[BlackElo "2548"]
[Result "1-0"]
[Round "09"]
[TimeControl "180+1"]
[Date "2022.07.26"]
[WhiteClock "0:01:00"]
[BlackClock "0:00:01"]

1. e4 c5 2. Nf3 e6 3. d4 cxd4 4. Nxd4 a6 5. Nc3 Qc7 6. Be2 Nf6 7. O-O d6 8. Be3 Be7 9. f4 O-O 10. Qe1 Nc6 11. Kh1 Nxd4 12. Bxd4 e5 13. fxe5 dxe5 14. Qg3 Bd6 15. Be3 Kh8 16. Rxf6 gxf6 17. Rf1 Be6 18. Rxf6 Rg8 19. Qf2 Rg6 20. Bh5 Kg7 21. Bxg6 hxg6 22. Rf3 Rh8 23. Bg5 Be7 24. Bxe7 Qxe7 25. h3 Qg5 26. Kh2 Rc8 27. Nd5 Qc1 28. Qg3 Qxb2 29. c3 Bxd5 30. Qxe5+ Kg8 31. exd5 Qxa2 32. Rf4 Qa5 33. Rh4 Qc7 34. Rh8# 1-0


[Site "https://www.chess.com"]

[Event "Titled Tuesday Blitz July 26 Late 2022"]
[White "Medeiros Jr, Francisco De Assis"]
[Black "Rego, Pedro Filipe"]
[WhiteFideId "2114267"]
[BlackFideId "1904310"]
[WhiteElo "2020"]
[BlackElo "2125"]
[Result "1-0"]
[Round "09"]
[TimeControl "180+1"]
[Date "2022.07.26"]
[WhiteClock "0:01:52"]
[BlackClock "0:01:37"]

1. d4 Nf6 2. Nf3 e6 3. Bg5 d5 4. Nbd2 Be7 5. e3 O-O 6. Bd3 c5 7. c3 b6 8. O-O Nc6 9. Qa4 Bb7 10. Ne5 Nxe5 11. dxe5 Nd7 12. Qh4 h6 13. Bxe7 Qc7 14. Bd6 Qc6 15. Bxf8 Rxf8 16. Nf3 f6 17. a4 fxe5 18. Bb5 Qc7 19. Qe7 Rf7 20. Qxe6 e4 21. Bxd7 exf3 22. Be8 1-0


[Site "https://www.chess.com"]

[Event "Titled Tuesday Blitz July 26 Late 2022"]
[White "Melikyan, Gnel"]
[Black "Rios Escobar, Adan"]
[WhiteFideId "54109990"]
[BlackFideId "3403645"]
[WhiteElo "1772"]
[BlackElo "2398"]
[Result "1-0"]
[Round "09"]
[TimeControl "180+1"]
[Date "2022.07.27"]
[WhiteClock "0:00:08"]
[BlackClock "0:00:02"]

1. g3 Nf6 2. Bg2 g6 3. e4 d6 4. d4 Bg7 5. Ne2 O-O 6. O-O Nbd7 7. c3 c5 8. h3 Rb8 9. a4 a6 10. a5 b5 11. axb6 Qxb6 12. Na3 cxd4 13. Qxd4 Bb7 14. Re1 Qc7 15. Qe3 Nc5 16. f3 Nb3 17. Rb1 Rfc8 18. Nc2 Nd7 19. Rd1 Ndc5 20. f4 a5 21. Bd2 Nxd2 22. Rxd2 Nb3 23. Rdd1 Ba6 24. Bf1 h5 25. h4 Bb7 26. Ncd4 Nc5 27. Bg2 a4 28. f5 Kh7 29. Nf4 Bh6 30. Rf1 e5 31. fxe6 Nxe6 32. Ndxe6 fxe6 33. Qe2 Qb6+ 34. Kh2 Ba6 35. Nd3 Rf8 36. Rfd1 Rf7 37. Qe1 Rbf8 38. Ra1 Qb5 39. Ra3 Rf2 40. Nxf2 Qxb2 41. Rxa4 Rxf2 42. Qg1 Bb5 43. Rb4 Qe2 44. Re1 Rxg2+ 45. Qxg2 Qxe1 46. Rxb5 Qxc3 47. Rb7+ Bg7 48. Qf2 d5 49. exd5 exd5 50. Rf7 Qe5 51. Qf4 Qxf4 52. Rxf4 d4 53. Rf1 Be5 54. Kg2 Kg7 55. Kf3 Kf6 56. Ke4+ Ke6 57. Rg1 Bg7 58. g4 hxg4 59. Rxg4 Kf7 60. Rg1 Bf6 61. Rh1 Kg7 62. h5 gxh5 63. Rxh5 Kg6 64. Rd5 Bg7 65. Rd6+ Kh7 66. Kf5 d3 67. Rxd3 Bb2 68. Rb3 Kg7 69. Rxb2 Kf7 70. Re2 Kf8 71. Kg6 Kg8 72. Re8# 1-0


[Site "https://www.chess.com"]

[Event "Titled Tuesday Blitz July 26 Late 2022"]
[White "Musovic, Armin"]
[Black "Nazaretyan, Tigran"]
[WhiteFideId "939935"]
[BlackFideId "24162345"]
[WhiteElo "2255"]
[BlackElo "2179"]
[Result "0-1"]
[Round "09"]
[TimeControl "180+1"]
[Date "2022.07.26"]
[WhiteClock "0:00:33"]
[BlackClock "0:01:18"]

1. a3 e5 2. Nc3 d5 3. d4 e4 4. Bf4 Nf6 5. e3 Bd6 6. Nge2 O-O 7. Bxd6 Qxd6 8. Nf4 Bg4 9. Be2 Bxe2 10. Qxe2 Nbd7 11. O-O c6 12. Kh1 Kh8 13. Rg1 Rg8 14. Nb1 g5 15. Nh5 Nxh5 16. Qxh5 Rg6 17. Qh3 f5 18. f4 gxf4 19. exf4 Qxf4 20. Nc3 Rh6 21. Raf1 Qd6 22. Rxf5 Rxh3 23. gxh3 Rg8 24. Rgf1 Rf8 25. Ne2 Rxf5 26. Rxf5 Qg6 27. Ng3 Qh6 28. Rf7 Qc1+ 29. Kg2 Qxc2+ 30. Kg1 Qb1+ 31. Nf1 Nb6 32. Rxb7 Qxb2 33. Ng3 Qxd4+ 34. Kg2 Nc4 35. Nh5 Qd2+ 36. Kg3 Qg5+ 37. Kf2 Qxh5 38. Rb8+ 0-1


[Site "https://www.chess.com"]

[Event "Titled Tuesday Blitz July 26 Late 2022"]
[White "Ovchinnikov, Vsevolod"]
[Black "Sailer, Mike"]
[WhiteFideId "24176842"]
[BlackFideId "2012901"]
[WhiteElo "2376"]
[BlackElo "2109"]
[Result "1-0"]
[Round "09"]
[TimeControl "180+1"]
[Date "2022.07.27"]
[WhiteClock "0:00:08"]
[BlackClock "0:00:02"]

1. d4 d5 2. c4 Bf5 3. Nc3 e6 4. Nf3 Nc6 5. Bg5 Be7 6. Bxe7 Ngxe7 7. e3 O-O 8. Rc1 h6 9. a3 a6 10. h3 dxc4 11. Bxc4 Nd5 12. O-O Nxc3 13. bxc3 Na5 14. Ba2 c5 15. Qe2 Rc8 16. e4 Bh7 17. d5 exd5 18. Bxd5 b5 19. Rcd1 Qc7 20. Rfe1 Kh8 21. e5 c4 22. Be4 Bxe4 23. Qxe4 Rfe8 24. Nd4 Nb3 25. Nf5 Re6 26. Nd6 Rf8 27. f4 Nc5 28. Qd4 Nd3 29. Re3 Qc5 30. Qxc5 Nxc5 31. Rd5 Nd3 32. g3 Rb8 33. Nxf7+ Kg8 34. Nd6 Re7 35. Kg2 Nc1 36. Kf3 Nb3 37. Ke4 Rc7 38. e6 Re7 39. f5 g6 40. g4 gxf5+ 41. gxf5 Rg7 42. f6 Rg6 43. Kf5 Rg5+ 44. Ke4 Rg6 45. e7 Rxf6 46. e8=Q+ Rxe8+ 47. Nxe8 Re6+ 48. Kf4 Rxe3 49. Kxe3 1-0


[Site "https://www.chess.com"]

[Event "Titled Tuesday Blitz July 26 Late 2022"]
[White "Pakleza, Zbigniew"]
[Black "Yoo, Christopher Woojin"]
[WhiteFideId "1119290"]
[BlackFideId "30909694"]
[WhiteElo "2467"]
[BlackElo "2105"]
[Result "0-1"]
[Round "09"]
[TimeControl "180+1"]
[Date "2022.07.26"]
[WhiteClock "0:00:02"]
[BlackClock "0:00:05"]

1. d4 Nf6 2. Nf3 d5 3. Bf4 c5 4. c3 Qb6 5. Qb3 Nc6 6. Nbd2 cxd4 7. Qxb6 axb6 8. Nxd4 Nxd4 9. cxd4 e6 10. e3 Bb4 11. f3 Bd7 12. Bd3 Ke7 13. Ke2 Rhc8 14. a3 Bd6 15. Bxd6+ Kxd6 16. Rhc1 e5 17. dxe5+ Kxe5 18. Nb3 g6 19. Nd4 Ne8 20. Bb5 Bxb5+ 21. Nxb5 Rc5 22. Nd4 Nd6 23. Kd3 Rac8 24. Ne2 Rxc1 25. Nxc1 Nc4 26. Rb1 Kd6 27. Ne2 Re8 28. e4 Ne5+ 29. Ke3 dxe4 30. fxe4 Nc4+ 31. Kd4 Na5 32. Nc3 Nb3+ 33. Ke3 f5 34. Rd1+ Kc6 35. Kf4 fxe4 36. Nxe4 Nc5 37. Nxc5 bxc5 38. g4 Re2 39. h4 Rxb2 40. Kg5 Rg2 41. Rf1 c4 42. Rf7 c3 43. Rxh7 c2 44. Rh8 c1=Q+ 0-1


[Site "https://www.chess.com"]

[Event "Titled Tuesday Blitz July 26 Late 2022"]
[White "Paravyan, David"]
[Black "Nagy, Gabor"]
[WhiteFideId "4194985"]
[BlackFideId "737119"]
[WhiteElo "2569"]
[BlackElo "2530"]
[Result "0-1"]
[Round "09"]
[TimeControl "180+1"]
[Date "2022.07.26"]
[WhiteClock "0:00:08"]
[BlackClock "0:00:43"]

1. e4 g6 2. d4 Bg7 3. Nc3 d6 4. Nf3 Nf6 5. Bg5 O-O 6. e5 Nfd7 7. Qe2 dxe5 8. dxe5 Nc6 9. O-O-O h6 10. Bf4 e6 11. h4 Qe7 12. Qe3 h5 13. Bb5 Nb6 14. Bg5 Qb4 15. Bxc6 Nc4 16. Na4 Nxe3 17. Rd4 Nc4 18. Bd2 Qe7 19. Rxc4 bxc6 20. Bb4 c5 21. Bxc5 Qe8 22. Bxf8 Bxf8 23. Nc5 Rb8 24. b3 Bxc5 25. Rxc5 Bb7 26. Ng5 Bxg2 27. Rg1 Bc6 28. Rg3 Rb5 29. Rc4 Rxe5 30. Rgc3 Bd7 31. Rxc7 Rxg5 32. hxg5 e5 33. Rxa7 h4 34. Rc4 h3 35. Rh4 Qd8 36. Kb2 Qxg5 37. Ra8+ Kg7 38. Rah8 Be6 39. a4 Qd2 40. f3 g5 41. R8h7+ Kf8 42. Rh8+ Ke7 43. Re4 h2 44. a5 Qg2 45. Re1 Qf2 46. Rh1 Qd4+ 47. Kb1 Qg1+ 48. Kb2 Qxh1 49. a6 Qg1 50. a7 Qxa7 51. Rxh2 Qd4+ 52. Kb1 Qf4 53. Rg2 Qxf3 54. Rxg5 f6 55. Rg7+ Bf7 0-1


[Site "https://www.chess.com"]

[Event "Titled Tuesday Blitz July 26 Late 2022"]
[White "Pesotskiy, Mikhail"]
[Black "Daggupati, Balaji"]
[WhiteFideId "34164453"]
[BlackFideId "2090759"]
[WhiteElo "2010"]
[BlackElo "2708"]
[Result "0-1"]
[Round "09"]
[TimeControl "180+1"]
[Date "2022.07.26"]
[WhiteClock "0:00:52"]
[BlackClock "0:01:14"]

1. d4 d5 2. c4 e6 3. Nc3 c6 4. e4 Bb4 5. cxd5 exd5 6. e5 c5 7. Bb5+ Bd7 8. Qa4 Nc6 9. Ne2 a6 10. Bxc6 Bxc6 11. Qb3 Ne7 12. O-O O-O 13. a3 Bxc3 14. bxc3 Bb5 15. Re1 Bxe2 16. Rxe2 cxd4 17. cxd4 Nc6 18. Qxb7 Nxd4 19. Rb2 Qa5 20. Be3 Nf5 21. Qb4 Qc7 22. Qf4 Ne7 23. Rc1 Qd7 24. Rbc2 Rac8 25. Bc5 Ng6 26. Qd4 Rfe8 27. Bd6 Rxc2 28. Rxc2 Qxd6 0-1


[Site "https://www.chess.com"]

[Event "Titled Tuesday Blitz July 26 Late 2022"]
[White "Petrovic, Aleksa"]
[Black "Souleidis, Georgios"]
[WhiteFideId "967629"]
[BlackFideId "4206827"]
[WhiteElo "2185"]
[BlackElo "2401"]
[Result "0-1"]
[Round "09"]
[TimeControl "180+1"]
[Date "2022.07.26"]
[WhiteClock "0:00:23"]
[BlackClock "0:00:53"]

1. d4 Nf6 2. c4 g6 3. Nc3 Bg7 4. e4 d6 5. Be2 O-O 6. Nf3 e5 7. O-O Bg4 8. d5 a5 9. Ne1 Bd7 10. Nd3 Na6 11. f4 exf4 12. Bxf4 Qe7 13. Bf3 h5 14. Qd2 Ng4 15. Bxg4 Bxg4 16. Rae1 f6 17. Bh6 b6 18. h3 Bd7 19. Bxg7 Qxg7 20. Ne2 Rae8 21. Nd4 Nc5 22. Nxc5 dxc5 23. Nf3 Re7 24. Qf4 Bc8 25. Qh2 Rfe8 26. Nd2 f5 27. Qf4 fxe4 28. Rxe4 Rxe4 29. Nxe4 Qd4+ 30. Kh1 Qxe4 31. Qf7+ Kh8 32. Qxc7 Bxh3 0-1


[Site "https://www.chess.com"]

[Event "Titled Tuesday Blitz July 26 Late 2022"]
[White "Pfreundt, Jakob"]
[Black "Voege, Tobias"]
[WhiteFideId "12918156"]
[BlackFideId "1270513"]
[WhiteElo "2345"]
[BlackElo "2379"]
[Result "1-0"]
[Round "09"]
[TimeControl "180+1"]
[Date "2022.07.27"]
[WhiteClock "0:00:13"]
[BlackClock "0:00:03"]

1. Nf3 Nf6 2. d4 g6 3. g3 Bg7 4. Bg2 O-O 5. O-O d6 6. Nc3 c5 7. dxc5 dxc5 8. Qxd8 Rxd8 9. Ne5 Nfd7 10. Nc4 Nc6 11. Rd1 Nde5 12. Rxd8+ Nxd8 13. Na5 Ndc6 14. Nxc6 Nxc6 15. Bxc6 bxc6 16. Na4 c4 17. c3 Bf5 18. Be3 Rd8 19. Rc1 Rd7 20. Nc5 Rd5 21. f3 Bc8 22. Kf2 f5 23. b4 cxb3 24. axb3 Kf7 25. b4 Rd8 26. Nb3 Be6 27. Na5 Rd7 28. Nxc6 Rc7 29. Nd8+ Kg8 30. Nxe6 Rxc3 31. Nxg7 Rb3 32. Ne6 Rxb4 33. Rc7 Kf7 34. Ng5+ Ke8 35. Rxa7 h5 36. Bc5 Rb2 37. Rxe7+ Kd8 38. Ne6+ Kc8 39. h4 f4 40. Nxf4 Rc2 41. Be3 Rc6 42. Rg7 Kd8 43. Rxg6 Rc2 44. Rg7 Ke8 45. g4 hxg4 46. fxg4 Kf8 47. Ra7 Kg8 48. h5 Rc6 49. g5 Rc8 50. h6 Rb8 51. g6 Rd8 52. h7+ Kh8 53. Bd4+ Rxd4 54. Ra8+ Kg7 55. h8=Q# 1-0


[Site "https://www.chess.com"]

[Event "Titled Tuesday Blitz July 26 Late 2022"]
[White "Pinheiro, Iung Alicio de O."]
[Black "Ernst, Sipke"]
[WhiteFideId "2104350"]
[BlackFideId "1004689"]
[WhiteElo "2283"]
[BlackElo "2436"]
[Result "1-0"]
[Round "09"]
[TimeControl "180+1"]
[Date "2022.07.26"]
[WhiteClock "0:00:15"]
[BlackClock "0:00:44"]

1. e4 e5 2. Bc4 Nf6 3. d3 Nc6 4. Nc3 Bb4 5. Ne2 d5 6. exd5 Nxd5 7. O-O Nxc3 8. bxc3 Bd6 9. f4 O-O 10. f5 Be7 11. Ng3 Na5 12. Bb3 Nxb3 13. axb3 f6 14. Ne4 Bd7 15. Be3 Bc6 16. Qg4 Rf7 17. Rf3 Qd7 18. Raf1 a5 19. Qh5 Bf8 20. Rh3 h6 21. Qg6 Kh8 22. Bxh6 gxh6 23. Nxf6 Rxf6 24. Qxf6+ Kh7 25. Qg6+ Kh8 26. Qf6+ Kh7 27. Qg6+ Kh8 28. Rg3 Bd5 29. f6 Bf7 30. Qe4 Qd5 31. Qf5 Qc5+ 32. Kh1 Qxc3 33. Rg7 Bg8 34. Qg6 1-0


[Site "https://www.chess.com"]

[Event "Titled Tuesday Blitz July 26 Late 2022"]
[White "Pranav, V"]
[Black "Vasquez Schroeder, Rodrigo"]
[WhiteFideId "25060783"]
[BlackFideId "3400042"]
[WhiteElo "2380"]
[BlackElo "2567"]
[Result "1-0"]
[Round "09"]
[TimeControl "180+1"]
[Date "2022.07.26"]
[WhiteClock "0:00:10"]
[BlackClock "0:00:07"]

1. e4 c5 2. Nf3 d6 3. Bb5+ Bd7 4. a4 Nc6 5. O-O Nf6 6. Re1 a6 7. Bf1 Bg4 8. c3 g6 9. h3 Bxf3 10. Qxf3 Bh6 11. Qg3 O-O 12. Qh4 Kg7 13. Na3 e5 14. Nc4 Nh5 15. Qg4 Nf6 16. Qf3 b6 17. Ne3 Bg5 18. d3 Kh8 19. g3 h5 20. h4 Bh6 21. Bh3 Kg7 22. Rf1 Ne7 23. Qg2 d5 24. f4 dxe4 25. fxe5 Nfd5 26. Qxe4 f5 27. exf6+ Nxf6 28. Qe6 Ra7 29. Nc4 Bxc1 30. Raxc1 Ned5 31. Rce1 b5 32. axb5 axb5 33. Ne5 Re7 34. Qc6 Qb8 35. d4 cxd4 36. cxd4 Qa7 37. Qc5 Qxc5 38. dxc5 Rfe8 39. Nd3 Ne3 40. Rf2 Nfd5 41. Rfe2 Kf6 42. c6 Nc4 43. Rxe7 Rxe7 44. Rf1+ Kg7 45. Nc5 Ne5 46. Bd7 Ne3 47. c7 Nxd7 48. c8=Q Nxf1 49. Nxd7 Nxg3 50. Qf8+ 1-0


[Site "https://www.chess.com"]

[Event "Titled Tuesday Blitz July 26 Late 2022"]
[White "Prydun, Andriy"]
[Black "Blanco Ronquillo, Humberto L."]
[WhiteFideId "14145898"]
[BlackFideId "3504239"]
[WhiteElo "2063"]
[BlackElo "2423"]
[Result "0-1"]
[Round "09"]
[TimeControl "180+1"]
[Date "2022.07.26"]
[WhiteClock "0:00:03"]
[BlackClock "0:00:12"]

1. e4 c5 2. Nf3 Nc6 3. Bb5 Nf6 4. d3 Qa5+ 5. Nc3 Nd4 6. Bc4 b5 7. Bd5 Nxd5 8. exd5 Bb7 9. O-O b4 10. Ne4 Bxd5 11. Re1 e6 12. a3 Nxf3+ 13. Qxf3 bxa3 14. Bd2 Qxd2 15. Nxd2 Bxf3 16. gxf3 axb2 17. Ra2 Be7 18. Rxb2 Bf6 19. Rb3 Ke7 20. Nc4 Rhb8 21. Ra3 d5 22. Ne3 Kd7 23. c3 d4 24. Ng4 dxc3 25. Nxf6+ gxf6 26. Rc1 a5 27. Rcxc3 Kd6 28. Ra2 a4 29. Kf1 Rb4 30. Ke2 Kd5 31. Rac2 Ra5 32. Ke3 Rh4 33. Rc4 Rxc4 34. dxc4+ Ke5 35. Ra2 a3 36. h3 Ra4 37. Ke2 Kf4 38. Ra1 a2 39. h4 h5 0-1


[Site "https://www.chess.com"]

[Event "Titled Tuesday Blitz July 26 Late 2022"]
[White "Przybylski, Wojciech"]
[Black "Schwabeneder, Florian"]
[WhiteFideId "1117599"]
[BlackFideId "1626191"]
[WhiteElo "2133"]
[BlackElo "2275"]
[Result "1-0"]
[Round "09"]
[TimeControl "180+1"]
[Date "2022.07.27"]
[WhiteClock "0:00:04"]
[BlackClock "0:00:09"]

1. e4 c5 2. Nf3 Nc6 3. d4 cxd4 4. Nxd4 Nf6 5. Nc3 d6 6. Bg5 e6 7. Qd2 a6 8. O-O-O Bd7 9. f4 h6 10. Bxf6 Qxf6 11. Nxc6 Bxc6 12. Bd3 Qd8 13. Ne2 Qb6 14. Rhe1 O-O-O 15. Nc3 Kb8 16. Re2 h5 17. Qe3 Qxe3+ 18. Rxe3 Be7 19. Re2 Bf6 20. e5 Be7 21. Ne4 dxe5 22. fxe5 Rd4 23. Rf1 Be8 24. Ref2 Rd5 25. Rxf7 Bxf7 26. Rxf7 Re8 27. Rxg7 Rxe5 28. Kd2 Rd5 29. Ke2 Bd8 30. a3 Rf8 31. Rg6 Bc7 32. h3 Be5 33. b3 Bb2 34. a4 Re5 35. g4 hxg4 36. hxg4 Bd4 37. g5 Rf2+ 38. Ke1 Rh2 39. Rg8+ Ka7 40. Kd1 Rf5 41. Rd8 Bb6 42. Rd7 Rf4 43. Kc1 Rg4 44. Kb2 e5 45. Nd6 Bd4+ 46. Ka2 Rg1 47. Rxb7+ Ka8 48. b4 Ra1+ 49. Kb3 Rb1+ 50. Kc4 Rg2 51. Rd7 Rxg5 52. Be4+ Kb8 53. Rb7+ Ka8 54. Rb6+ Ka7 55. Nc8# 1-0


[Site "https://www.chess.com"]

[Event "Titled Tuesday Blitz July 26 Late 2022"]
[White "Riehle, Marco"]
[Black "Rustemov, Alexander"]
[WhiteFideId "12904392"]
[BlackFideId "4119002"]
[WhiteElo "2462"]
[BlackElo "2812"]
[Result "1-0"]
[Round "09"]
[TimeControl "180+1"]
[Date "2022.07.26"]
[WhiteClock "0:00:17"]
[BlackClock "0:00:02"]

1. e4 e6 2. c4 c5 3. Nf3 Nc6 4. Be2 Nf6 5. Nc3 e5 6. d3 Be7 7. O-O O-O 8. a3 a5 9. Ne1 d6 10. f4 exf4 11. Bxf4 Nd7 12. Bg4 Nde5 13. Bxc8 Rxc8 14. Nd5 Bg5 15. Bg3 Rb8 16. Nf3 f6 17. Bxe5 fxe5 18. Kh1 Bh6 19. Qb3 Ne7 20. Nxe7+ Qxe7 21. Qb6 Qd8 22. Qxd8 Rfxd8 23. a4 g6 24. Ng1 Be3 25. Ne2 Rf8 26. b3 Bd4 27. Rab1 Rbc8 28. g3 Kg7 29. Kg2 h5 30. h3 Rxf1 31. Rxf1 Rc6 32. h4 Rb6 33. Rb1 Kf6 34. Kh3 g5 35. g4 hxg4+ 36. Kxg4 gxh4 37. Kxh4 Ke6 38. Kg4 Kf6 39. Ng3 Ke6 40. Nf5 Kf6 41. Nh4 Ke6 42. Kg5 Rb4 43. Kg6 Rb6 44. Nf5 Rb4 45. Ng7+ Ke7 46. Kf5 Rb6 47. Ne6 Kd7 48. Nf8+ Ke7 49. Ng6+ Kd7 50. Kf6 Ra6 51. Nf8+ Kc6 52. Ng6 Ra8 53. Ke6 Re8+ 54. Ne7+ Kc7 55. Rf1 Be3 56. Kf7 Rh8 57. Nd5+ Kc6 58. Nxe3 Rh3 59. Re1 Rh2 60. Ke6 Rb2 61. Nd5 Rxb3 62. Rf1 Rxd3 63. Rf7 Rxd5 64. exd5+ 1-0


[Site "https://www.chess.com"]

[Event "Titled Tuesday Blitz July 26 Late 2022"]
[White "Romanchuk, Viktor"]
[Black "Vivekananthan, Anish"]
[WhiteFideId "14109271"]
[BlackFideId "2090775"]
[WhiteElo "2242"]
[BlackElo "2778"]
[Result "1/2-1/2"]
[Round "09"]
[TimeControl "180+1"]
[Date "2022.07.26"]
[WhiteClock "0:00:15"]
[BlackClock "0:00:36"]

1. d4 d5 2. c4 dxc4 3. e3 Nf6 4. Bxc4 e6 5. Nf3 c5 6. O-O a6 7. dxc5 Bxc5 8. Qxd8+ Kxd8 9. Ne5 Ke7 10. Be2 Nbd7 11. Nc4 Ne4 12. Nbd2 Nd6 13. Rd1 Nxc4 14. Nxc4 b6 15. Bd2 a5 16. Bf3 Rb8 17. Bc3 f6 18. Rab1 Ba6 19. Nd2 Rhc8 20. Ne4 Bb4 21. Rbc1 Bxc3 22. Nxc3 Ne5 23. Be2 Rxc3 24. Bxa6 Rxc1 25. Rxc1 Kd6 26. Be2 b5 27. f4 Nd7 28. Rd1+ Ke7 29. Rc1 Kd6 30. Rd1+ Ke7 31. Rc1 Rb7 32. Bf3 Ra7 33. Kf2 g6 34. Rc8 Kd6 35. Rc6+ Ke7 36. Rc8 f5 37. Bc6 Nf6 38. b3 b4 39. h3 Kd6 40. Bf3 a4 41. Rc6+ Kd7 42. Rb6 axb3 43. axb3 Ra2+ 44. Kf1 Ra1+ 45. Kf2 Ra2+ 46. Kf1 Ra1+ 47. Kf2 Ra2+ 1/2-1/2


[Site "https://www.chess.com"]

[Event "Titled Tuesday Blitz July 26 Late 2022"]
[White "Rose, Felix"]
[Black "Wang, Isaac"]
[WhiteFideId "5105722"]
[BlackFideId "30977185"]
[WhiteElo "2039"]
[BlackElo "2353"]
[Result "1/2-1/2"]
[Round "09"]
[TimeControl "180+1"]
[Date "2022.07.27"]
[WhiteClock "0:00:25"]
[BlackClock "0:00:11"]

1. e4 c5 2. Nf3 Nc6 3. d4 cxd4 4. Nxd4 Nf6 5. Nc3 e5 6. Ndb5 d6 7. Bg5 a6 8. Na3 b5 9. Nd5 Be7 10. Bxf6 Bxf6 11. c3 O-O 12. Nc2 Rb8 13. Be2 Bg5 14. O-O Be6 15. Ncb4 Nxb4 16. Nxb4 Qb6 17. Nd5 Qb7 18. Qb3 g6 19. Rfd1 Rfd8 20. g3 Kg7 21. Kg2 Rdc8 22. h4 Bh6 23. Rd3 Rc4 24. Bf3 Rc5 25. Rad1 a5 26. a3 Rbc8 27. Qa2 Qa7 28. Qb1 Rd8 29. b4 axb4 30. axb4 Rc4 31. Qb2 Qb7 32. Qe2 Qc6 33. h5 Bg5 34. Rh1 Bxd5 35. Rxd5 Rxc3 36. hxg6 hxg6 37. Qxb5 Qc7 38. Rhd1 Qe7 39. Qe2 Qf6 40. R1d3 Rc4 41. b5 Rb4 42. Rd1 Rd7 43. Qd3 Qe7 44. Rxd6 Rxd6 45. Qxd6 Qxd6 46. Rxd6 Rxb5 47. Rd5 Rxd5 48. exd5 f5 49. d6 e4 50. Bd1 Kf6 51. Ba4 Ke6 52. d7 Bd8 53. Kf1 Kd6 54. Ke2 Kc5 55. Bb3 Kb4 56. Bf7 g5 57. Bg6 f4 58. Bxe4 fxg3 59. fxg3 Kc5 60. Bf5 Kd6 61. Kf3 Kc7 62. Kg4 Bf6 63. Kh5 Bd8 64. Kg6 Be7 65. g4 Bd8 66. Kf7 Kd6 67. Ke8 Kc7 68. Be6 Bf6 69. Bf5 Bd8 70. Be4 Bf6 71. Bf5 Bd8 1/2-1/2


[Site "https://www.chess.com"]